 Dungeon Crawl Stone Soup version 0.20.1-1-g8b1a95d (webtiles) character file.

5046 Inkary the Fighter (level 10, 0/94 HPs)
             Began as a Minotaur Fighter on Oct 8, 2017.
             Was a Priest of Okawaru.
             Slain by a death yak (20 damage)
             ... on level 8 of the Dungeon.
             The game lasted 00:22:08 (8217 turns).

Inkary the Fighter (Minotaur Fighter)               Turns: 8217, Time: 00:22:08

Health: 0/94       AC: 19    Str: 28    XL:     10   Next: 30%
Magic:  6/12       EV: 10    Int:  5    God:    Okawaru [***...]
Gold:   460        SH: 13    Dex: 11    Spells: 9/9 levels left

rFire    . . .     SeeInvis .   e - +2 mace (crush)
rCold    . . .     Gourm    .   c - +0 shield
rNeg     . . .     Faith    .   O - +0 chain mail
rPois    .         Spirit   .   (helmet restricted)
rElec    .         Reflect  .   h - +0 cloak
rCorr    .         Harm     .   G - +0 pair of gloves
MR       .....                  (no boots)
Stlth    ..........             (no amulet)
Regen    0.3/turn               N - +2 ring of protection
MPRegen  0.2/turn               C - +2 ring of protection

@: mighty, heroism, hasted, very quick
A: retaliatory headbutt, horns 2
a: Heroism, Renounce Religion


You were on level 8 of the Dungeon.
You worshipped Okawaru.
Okawaru was most pleased with you.
You were not hungry.

You visited 1 branch of the dungeon, and saw 9 of its levels.
You also visited: Ossuary.

You collected 460 gold pieces.

Inventory:

Hand Weapons
 b - a +0 flail of protection
 e - a +2 mace of crushing (weapon)
 l - a +0 vampiric scythe
 S - a +4 scimitar of flaming
Armour
 c - a +0 shield (worn)
 h - a +0 cloak (worn)
 G - a +0 pair of gloves (worn)
 M - a +2 leather armour of fire resistance
 O - a +0 chain mail (worn)
Jewellery
 y - an uncursed ring of see invisible
 C - a +2 ring of protection (right hand)
 N - a +2 ring of protection (left hand)
 R - an uncursed ring of protection from fire
Wands
 J - a wand of iceblast (8/15)
Scrolls
 a - a scroll of immolation {unknown}
 n - 3 scrolls of blinking
 o - 2 scrolls of magic mapping
 s - 2 scrolls of recharging {unknown}
 t - 2 scrolls of amnesia {unknown}
 u - a scroll of fear {unknown}
 x - 2 scrolls of enchant armour {unknown}
 A - 2 scrolls of random uselessness {unknown}
 D - 4 scrolls of teleportation
 F - 2 scrolls of enchant weapon {unknown}
 H - a scroll of noise {unknown}
 I - 3 scrolls of remove curse {unknown}
 L - a scroll of vulnerability {unknown}
 P - a scroll of fog
Potions
 d - a potion of brilliance
 g - 3 potions of curing
 i - 3 potions of lignification
 j - a potion of flight
 k - a potion of magic
 m - 3 potions of resistance
 p - 3 potions of haste
 r - a potion of agility
 v - a potion of mutation
 w - a potion of might
 z - 2 potions of heal wounds
 B - a potion of berserk rage {unknown}
Comestibles
 f - 3 bread rations
 q - 7 fruits
 E - 4 meat rations
 K - a royal jelly
 Q - 7 chunks of flesh


   Skills:
 + Level 10.5(15.5) Fighting
   Level 2.9(12.9) Axes
 - Level 10.1(15.3) Maces & Flails
 - Level 5.0(10.4) Polearms
 + Level 6.8(11.8) Armour
 + Level 6.8(11.8) Shields
 + Level 4.6 Invocations


You had 9 spell levels left.
You didn't know any spells.

Dungeon Overview and Level Annotations

Branches:
Dungeon (9/15)             Temple (0/1) D:7            Lair (0/6) D:9
    Orc: D:9-12

Altars:
Cheibriados
Nemelex Xobeh
Okawaru
Qazlal
Uskayaw

Shops:
D:7 =   D:8 :


Innate Abilities, Weirdness & Mutations

You reflexively headbutt those who attack you in melee.
You have a pair of horns on your head.


Message History

The death yak is severely wounded.
The death yak gores you!
* * * LOW HITPOINT WARNING * * *
You sock the death yak! Your headbutt misses the death yak.
The death yak is almost dead.
You sock the death yak!
The death yak is almost dead.
You block the death yak's attack.
You feel yourself speed up. The death yak barely misses you.
You furiously retaliate!
You headbutt the death yak, but do no damage.
You sock the death yak!
You kill the death yak!
Okawaru is honoured by your kill.
You thump the death yak! You headbutt the death yak!
The death yak is moderately wounded.
You hit the death yak.
The death yak is moderately wounded.
The death yak gores you!!
You die...

#.#..#.....##...##
#.#.#..###.###'##
#.#.#...##.# #.#
#.#......#(###.###
#.......))..((.((####
###[.....#..#...(()).
#.#÷Y.##.......####
#.##[###..#....#
#.@Y......##.#.#
#########).....#
####.### #.# #.# #.#
#.###### #####
#.......
#...######..#####


You could see a death yak.

Vanquished Creatures
  Erica (D:9)
  A death yak (D:8)
  The ghost of slavko the Quickloader, a novice CeAM of Fedhas (D:8)
  Sigmund (D:1)
  4 orc warriors
  2 ice beasts
  The ghost of Melbolja the Ruffian, an amateur TrWr (D:3)
  An eye of draining (D:8)
  3 phantoms
  2 centaurs
  An ogre (D:5)
  A big kobold (D:9)
  A gnoll sergeant (D:8)
  A bullfrog (D:8)
  5 wights (D:7)
  4 crimson imps
  4 hounds
  3 jellies
  3 orc priests
  10 orc wizards
  A bullfrog skeleton (D:6)
  An iguana (D:4)
  3 worker ants
  A killer bee zombie (D:5)
  A hound skeleton (D:9)
  2 hound zombies
  Robin (D:3)
  13 mummies (Ossuary)
  A howler monkey zombie (D:7)
  A worker ant zombie (D:5)
  7 adders
  7 gnolls
  A shadow imp (D:8)
  An ooze (D:5)
  An adder zombie (D:5)
  5 worms
  3 dart slugs
  5 leopard geckos
  39 orcs
  7 giant cockroaches
  9 hobgoblins
  15 jackals
  9 kobolds
  3 quokkas
  5 bats
  7 frilled lizards
  2 gnoll skeletons (Ossuary)
  14 goblins
  2 jackal zombies
  2 kobold skeletons (Ossuary)
  4 orc skeletons (Ossuary)
  A quokka skeleton (D:4)
  5 rats
  11 rat skeletons (Ossuary)
240 creatures vanquished.

Notes
Turn   | Place    | Note
-------+----------+-------------------------------------------
     0 | D:1      | Inkary the Minotaur Fighter began the quest for the Orb.
     0 | D:1      | Reached XP level 1. HP: 19/19 MP: 0/0
   157 | D:1      | Reached XP level 2. HP: 27/27 MP: 1/1
   376 | D:1      | Reached skill level 1 in Maces & Flails
   869 | D:2      | Noticed Sigmund
   876 | D:1      | Reached XP level 3. HP: 31/33 MP: 2/2
  1074 | D:1      | Killed Sigmund
  1074 | D:1      | Reached skill level 5 in Fighting
  1074 | D:1      | Reached XP level 4. HP: 28/42 MP: 3/3
  1074 | D:1      | Reached XP level 5. HP: 32/48 MP: 4/4
  1268 | D:2      | Reached skill level 1 in Polearms
  1490 | D:2      | Found a faded altar of an unknown god.
  1490 | D:2      | Found a stormy altar of Qazlal.
  1499 | D:2      | Found a faded altar of an unknown god.
  1502 | D:2      | Found a snail-covered altar of Cheibriados.
  1504 | D:2      | Found a hide-covered altar of Uskayaw.
  1753 | D:3      | Noticed an orc warrior
  1770 | D:2      | HP: 2/48 [poisoned by an orc warrior]
  1770 | D:2      | Killed an orc warrior
  1770 | D:2      | Reached XP level 6. HP: 3/57 MP: 5/5
  2408 | D:3      | Noticed Melbolja's ghost (amateur TrWr)
  2419 | D:3      | Killed Melbolja's ghost
  2419 | D:3      | Reached XP level 7. HP: 42/64 MP: 6/6
  2605 | D:3      | Noticed Robin
  2621 | D:3      | Killed Robin
  2621 | D:3      | Reached skill level 5 in Polearms
  2782 | D:4      | Reached skill level 5 in Maces & Flails
  2820 | D:4      | Found a sand-covered staircase.
  2831 | Ossuary  | Entered an ossuary
  4105 | D:5      | Entered Level 5 of the Dungeon
  4108 | D:5      | Found a sparkling altar of Nemelex Xobeh.
  4284 | D:5      | Reached XP level 8. HP: 73/73 MP: 7/7
  5466 | D:6      | Found an iron altar of Okawaru.
  5487 | D:6      | Became a worshipper of Warmaster Okawaru
  6322 | D:7      | Reached * piety under Okawaru
  6322 | D:7      | Reached skill level 10 in Maces & Flails
  6322 | D:7      | Reached XP level 9. HP: 79/82 MP: 8/8
  6460 | D:7      | Reached skill level 1 in Invocations
  6533 | D:7      | Found a staircase to the Ecumenical Temple.
  6965 | D:7      | Found Ceibe's Jewellery Shoppe.
  7439 | D:8      | Found Fipommufuf's Book Shoppe.
  7596 | D:8      | Noticed slavko's ghost (novice CeAM)
  7617 | D:8      | Killed slavko's ghost
  7617 | D:8      | Reached skill level 5 in Armour
  7617 | D:8      | Reached skill level 5 in Shields
  8065 | D:8      | Reached ** piety under Okawaru
  8065 | D:8      | Reached skill level 10 in Fighting
  8149 | D:9      | Noticed Erica
  8164 | D:9      | Killed Erica
  8164 | D:9      | Reached *** piety under Okawaru
  8164 | D:9      | Reached XP level 10. HP: 54/93 MP: 1/12
  8186 | D:9      | Noticed a death yak
  8186 | D:9      | Noticed a death yak
  8188 | D:9      | Found a staircase to the Lair.
  8189 | D:9      | Noticed a death yak
  8215 | D:8      | Killed a death yak
  8217 | D:8      | Slain by a death yak

Skill      XL: |  1  2  3  4  5  6  7  8  9 |
---------------+----------------------------+-----
Maces & Flails | 2 4 6 10 | 10.1
Fighting       | 4 5 6 7 8 10 | 10.5
Polearms       | 2 4 5 |  5.0
Invocations    | 4 |  4.6
Armour         | 6 |  6.8
Shields        | 6 |  6.8
Axes           | |  2.9

Action                   |  1- 3 |  4- 6 |  7- 9 | 10-12 || total
-------------------------+-------+-------+-------+-------++-------
Melee: War axe           |     9 |       |       |       ||     9
       Mace              |    42 |    95 |   499 |    14 ||   650
       Headbutt          |     4 |    22 |    79 |     5 ||   110
Invok: Heroism           |       |       |     6 |     1 ||     7
  Use: Potion            |     1 |     2 |     1 |     3 ||     7
       Scroll            |       |       |    14 |       ||    14
  Eat: Chunk             |       |     4 |    13 |       ||    17
       Meat ration       |       |       |     1 |       ||     1
       Royal jelly       |       |       |     1 |       ||     1
Armor: Scale mail        |    18 |    41 |    95 |       ||   154
       Chain mail        |       |       |    86 |     1 ||    87
Dodge: Dodged            |    19 |    26 |   107 |     4 ||   156
Block: Shield            |    22 |    48 |   204 |     6 ||   280
